 Dungeon Crawl Stone Soup version 0.30.0-5-g1a98f26d00 (webtiles) character file.

Game seed: 12725177543665317668

17216 math4jedi the Cleaver (level 12, -19/160 HPs)
             Began as a Minotaur Berserker on May 10, 2023.
             Was a Believer of Trog.
             Demolished by a skeletal warrior
             ... wielding a +0 glaive
              (27 damage)
             ... on level 11 of the Dungeon on May 11, 2023.
             The game lasted 00:32:32 (11377 turns).

math4jedi the Cleaver (Minotaur Berserker)         Turns: 11377, Time: 00:32:33

Health: -19/160    AC: 17    Str: 32    XL:     12   Next: 16%
Magic:  11/11      EV: 13    Int: 10    God:    Trog [**....]
Gold:   623        SH:  0    Dex: 17    Spells: 11/11 levels left

rFire   + + +        b - +1 war axe
rCold   . . .        (no shield)
rNeg    . . .        O - +1 plate armour {rF+}
rPois   +            (helmet restricted)
rElec   .            m - +0 cloak
rCorr   .            (no gloves)
SInv    +            (no boots)
Will    ++...        W - amulet of Riuz {Acrobat Dex+4} Stlth
                     V - ring "Wihisch" {rPois Str+6 Dex+2 Stlth+}
HPRegen 1.46/turn    U - ring "Wepti" {rF++ Int+6 Slay+5 SInv}
MPRegen 0.12/turn

%: acrobat
@: berserking, strong-willed, regenerating, very quick
A: horns 2, retaliatory headbutt
a: Renounce Religion, Berserk, Trog's Hand


You were on level 11 of the Dungeon.
You worshipped Trog.
Trog was pleased with you.
You visited 1 branch of the dungeon, and saw 11 of its levels.
You also visited: Bailey.

You collected 623 gold pieces.

Inventory:

Hand Weapons
 a - a +2 hand axe
 b - a +1 war axe (weapon)
 h - a +0 trident
 D - a +2 flail of holy wrath
 H - a +4 battleaxe
 I - a +0 hand axe
Missiles
 c - 8 curare-tipped darts
 l - 5 boomerangs
 x - 3 silver boomerangs
 E - 31 poisoned darts (quivered)
Armour
 j - a +0 chain mail
 m - a +0 cloak (worn)
 s - a +0 animal skin
 O - a +1 plate armour of fire resistance (worn)
Jewellery
 d - a +5 ring of evasion
 q - a ring of magical power
 K - a ring of poison resistance
 U - the ring "Wepti" (right hand) {rF++ Int+6 Slay+5 SInv}
   (You took it off a deep elf pyromancer on level 10 of the Dungeon)

   [ring of intelligence]

   Int:       It affects your intelligence (+6).
   Slay:      It affects your accuracy & damage with ranged weapons and melee
   (+5).
   rF:        It greatly protects you from fire.
   SInv:      It lets you see invisible.
 V - the ring "Wihisch" (left hand) {rPois Str+6 Dex+2 Stlth+}
   (You found it on level 10 of the Dungeon)

   [ring of strength]

   Str:       It affects your strength (+6).
   Dex:       It affects your dexterity (+2).
   rPois:     It protects you from poison.
   Stlth:     It makes you more stealthy.
 W - the amulet of Riuz (around neck) {Acrobat Dex+4}
   (You found it on level 10 of the Dungeon)

   [amulet of the acrobat]

   It increases your evasion while moving and waiting.
   Dex:       It affects your dexterity (+4).
Wands
 A - a wand of flame (9)
 B - a wand of light (18)
 J - a wand of paralysis (6)
 P - a wand of mindburst (6)
 X - a wand of iceblast (7)
Scrolls
 e - 3 scrolls of fog
 f - 8 scrolls of teleportation
 g - 2 scrolls of enchant weapon
 i - 2 scrolls of vulnerability
 k - 3 scrolls of silence {unknown}
 n - 3 scrolls of summoning {unknown}
 p - 3 scrolls of enchant armour {unknown}
 t - 2 scrolls of immolation {unknown}
 u - 3 scrolls of magic mapping
 w - a scroll of blinking
 y - a scroll of torment {unknown}
 C - 3 scrolls of brand weapon
 L - a scroll of poison {unknown}
 M - a scroll of acquirement {unknown}
 N - 2 scrolls of noise {unknown}
Potions
 o - 4 potions of curing
 r - 2 potions of magic {unknown}
 v - a potion of invisibility {unknown}
 z - a potion of attraction {unknown}
 F - a potion of mutation {unknown}
 G - a potion of resistance
 Q - 2 potions of haste {unknown}
 R - a potion of might {unknown}
 S - a potion of lignification {unknown}
 T - a potion of berserk rage {unknown}


   Skills:
 + Level 10.4 Fighting
 - Level 12.0 Axes
 - Level 4.0 Throwing
 + Level 10.5 Armour
 + Level 10.4 Dodging
 - Level 8.0 Evocations


You had 11 spell levels left.
You didn't know any spells.
Your spell library was empty.

Dungeon Overview and Level Annotations

Branches:
Dungeon (11/15)            Temple (0/1) D:5            Lair (0/5) D:8
    Orc (0/2) D:9          Bailey (visited)

Altars:
Ashenzari
Cheibriados
Fedhas
Gozag
Okawaru
Trog
Uskayaw
Wu Jian
Xom
Yredelemnul

Shops:
D:9 (   D:11 :??!=?

Annotations:
D:9 2 transporters, turdburglar's ghost, novice TrWr


Innate Abilities, Weirdness & Mutations

You have a pair of horns on your head.
You reflexively headbutt those who attack you in melee.


Message History

The skeletal warrior hits you with a +0 halberd.
You barely miss the skeletal warrior.
The skeletal warrior is lightly damaged.
You feel the effects of Trog's Hand fading.
The skeletal warrior closely misses you.
The skeletal warrior hits you but does no damage.
Your skin crawls.
You feel strong-willed.
The skeletal warrior hits you but does no damage.
The skeletal warrior hits you from afar with a +0 glaive.
The skeletal warrior hits you with a +0 halberd!
* * * LOW HITPOINT WARNING * * *
A red film seems to cover your vision as you go berserk!
You feel yourself moving faster!
You feel mighty!
The skeletal warrior hits you but does no damage.
The skeletal warrior hits you from afar with a +0 glaive.
* * * LOW HITPOINT WARNING * * *
The skeletal warrior hits you with a +0 halberd!!
* * * LOW HITPOINT WARNING * * *
You slash the skeletal warrior!
The skeletal warrior is lightly damaged.
The skeletal warrior barely misses you.
The skeletal warrior hits you from afar with a +0 glaive.
* * * LOW HITPOINT WARNING * * *
The skeletal warrior barely misses you.
You slash the skeletal warrior!
Your headbutt misses the skeletal warrior.
The skeletal warrior is moderately damaged.
You hit the skeletal warrior but do no damage.
The skeletal warrior is moderately damaged.
The skeletal warrior hits you from afar with a +0 trident!
* * * LOW HITPOINT WARNING * * *
The skeletal warrior hits you from afar with a +0 glaive.
* * * LOW HITPOINT WARNING * * *
The skeletal warrior hits you but does no damage.
You barely miss the skeletal warrior. Your punch misses the skeletal warrior.
The skeletal warrior is moderately damaged.
The skeletal warrior hits you but does no damage.
The skeletal warrior hits you from afar with a +0 glaive!!
You die...

. .. ........# ####
.###.###..## ## #
#...#...##.## ###.
#.
#...#...#...#####...
..
#..#...#...##......
#.
#..###..#........#
#!.
#.z.#.......######
#.[z##..#.....###
#z@#..####.# #
........#....#..# #
....##..#......## #
.## ########### #


You could see 3 skeletal warriors.

Vanquished Creatures
  5 two-headed ogres
  An ogre mage (D:10)
  A skeletal warrior (D:11)
  A deep elf pyromancer (D:10)
  3 cyclopes
  A manticore (D:10)
  A gargoyle (D:11)
  A kobold demonologist (D:11)
  A tengu conjurer (D:10)
  2 hornets
  2 trolls
  2 slime creatures (D:5)
  2 shadows
  3 wyverns
  6 spriggans (Bailey)
  14 yaks
  2 steam dragons
  2 water moccasins
  3 black bears
  4 orc warriors
  2 ice beasts (D:6)
  A sky beast (D:6)
  6 centaurs
  3 ogres
  3 phantoms
  7 kobold brigands
  4 bullfrogs
  5 scorpions
  11 wights
  6 killer bees (D:7)
  4 howler monkeys
  An electric eel (D:11)
  8 orc priests
  6 jellies
  A gnoll bouda (D:7)
  4 hounds
  5 iguanas
  9 orc wizards
  10 gnolls
  6 adders
  A shadow imp (D:6)
  3 white imps
  2 worms
  3 dart slugs
  26 orcs
  13 endoplasms
  A giant cockroach (D:1)
  8 goblins
  3 hobgoblins
  16 jackals
  15 kobolds
  4 quokkas
  8 ball pythons
  5 bats
  5 frilled lizards
  7 rats
279 creatures vanquished.

Notes
Turn   | Place    | Note
-------+----------+-------------------------------------------
     0 | D:1      | math4jedi the Minotaur Berserker began the quest for the
                  | Orb.
     0 | D:1      | Reached XP level 1. HP: 19/19 MP: 0/0
   163 | D:1      | Reached skill level 4 in Axes
   254 | D:1      | Reached XP level 2. HP: 26/26 MP: 1/1
   496 | D:1      | Reached skill level 5 in Axes
   683 | D:1      | Reached ** piety under Trog
   686 | D:1      | Reached XP level 3. HP: 27/31 MP: 2/2
   961 | D:2      | Found a faded altar of an unknown god.
  1283 | D:2      | Reached skill level 6 in Axes
  1283 | D:2      | Reached XP level 4. HP: 30/39 MP: 3/3
  2169 | D:3      | Found an iron altar of Okawaru.
  2629 | D:4      | Noticed a bullfrog
  2644 | D:4      | Killed a bullfrog
  2645 | D:4      | Reached XP level 5. HP: 37/47 MP: 4/4
  2767 | D:4      | Found a shimmering altar of Xom.
  2935 | D:4      | Reached XP level 6. HP: 14/55 MP: 5/5
  3212 | D:4      | Found an opulent altar of Gozag.
  3834 | D:5      | Entered Level 5 of the Dungeon
  3860 | D:5      | Reached skill level 5 in Fighting
  4006 | D:5      | Found a staircase to the Ecumenical Temple.
  4271 | D:5      | Reached XP level 7. HP: 58/62 MP: 6/6
  4284 | D:5      | Found a hide-covered altar of Uskayaw.
  4290 | D:5      | Found a bloodstained altar of Trog.
  4297 | D:5      | Found a snail-covered altar of Cheibriados.
  4405 | D:5      | Reached skill level 5 in Armour
  4465 | D:5      | Reached skill level 5 in Dodging
  4647 | D:5      | Reached XP level 8. HP: 68/70 MP: 7/7
  4801 | D:5      | Found a broken altar of Ashenzari.
  4827 | D:5      | Reached skill level 1 in Evocations
  4829 | D:5      | Reached skill level 7 in Axes
  4857 | D:5      | Reached *** piety under Trog
  5062 | D:5      | Noticed a slime creature
  5062 | D:5      | Noticed a slime creature
  5075 | D:5      | Reached skill level 8 in Axes
  5090 | D:5      | Killed a slime creature
  5110 | D:5      | Killed a slime creature
  5111 | D:5      | Reached skill level 5 in Evocations
  5462 | D:6      | Reached XP level 9. HP: 68/75 MP: 8/8
  6660 | D:7      | Reached skill level 1 in Throwing
  7452 | D:8      | Reached XP level 10. HP: 88/88 MP: 9/9
  7507 | D:8      | Found an ornate altar of the Wu Jian Council.
  7619 | D:8      | Noticed a two-headed ogre
  7625 | D:8      | Killed a two-headed ogre
  7686 | D:8      | Noticed a two-headed ogre
  7704 | D:8      | Killed a two-headed ogre
  7705 | D:8      | Reached skill level 9 in Axes
  7731 | D:8      | Reached skill level 10 in Axes
  7782 | D:8      | Found a staircase to the Lair.
  7848 | D:8      | Found a basalt altar of Yredelemnul.
  8353 | D:9      | Found a staircase to the Orcish Mines.
  8504 | D:9      | Found Evusmun's Antique Weapon Emporium.
  8686 | D:9      | Noticed a two-headed ogre
  8693 | D:9      | Noticed a cyclops
  8699 | D:9      | Found a transporter.
  8707 | D:9      | Noticed turdburglar's ghost (novice TrWr)
  8762 | D:9      | Found a transporter.
  9008 | D:10     | Entered Level 10 of the Dungeon
  9072 | D:10     | Found a flagged portal.
  9082 | Bailey   | Entered a bailey
  9195 | Bailey   | Reached XP level 11. HP: 86/97 MP: 10/10
  9197 | Bailey   | Noticed a two-headed ogre
  9206 | Bailey   | Killed a two-headed ogre
  9390 | D:10     | Found a blossoming altar of Fedhas.
  9592 | D:10     | Noticed a two-headed ogre
  9612 | D:10     | Killed a two-headed ogre
  9671 | D:10     | Noticed a two-headed ogre
  9699 | D:10     | Killed a two-headed ogre
  9700 | D:10     | Reached skill level 10 in Armour
  9703 | D:10     | Reached skill level 10 in Fighting
  9716 | D:10     | Noticed an ogre mage
  9834 | D:10     | Killed an ogre mage
  9889 | D:10     | Reached skill level 10 in Dodging
 10126 | D:10     | Reached skill level 11 in Axes
 10208 | D:10     | Identified the ring "Wepti" {rF++ Int+6 Slay+5 SInv}
 10208 | D:10     | Noticed a deep elf pyromancer
 10227 | D:10     | Killed a deep elf pyromancer
 10341 | D:10     | Identified the ring "Wihisch" {rPois Str+6 Dex+2 Stlth+}
 10346 | D:10     | Identified the amulet of Riuz {Acrobat Dex+4}
 10675 | D:11     | Found Dotab's Book Shoppe.
 10680 | D:11     | Found Xele's Magic Scroll Emporium.
 10681 | D:11     | Found Sonok's Magic Scroll Emporium.
 10681 | D:11     | Found Vazin's Distillery.
 10711 | D:11     | Reached skill level 12 in Axes
 10716 | D:11     | Reached XP level 12. HP: 53/106 MP: 11/11
 10869 | D:11     | Found Faunkozi's Jewellery Shoppe.
 10869 | D:11     | Found Yrchoikk's Magic Scroll Emporium.
 11376 | D:11     | HP: 7/160 [skeletal warrior/+0 glaive (6)]
 11377 | D:11     | Demolished by a skeletal warrior

Illustrated notes

Levels and vault maps discovered:
D:1:      kilobyte_arrival_exit_the_forest, layout_loops_ring,
          hangedman_decor_growths, st_stairs_4, minivault_27,
          chequers_serial_rivers_large_a
D:2:      layout_loops_cross, nicolae_ecumenical_oubliette
D:3:      layout_basic, okawaru_altar_gauntlet_db,
          chequers_serial_rivers_micro_b
D:4:      layout_layer_cave, grunt_gozag_breadcrumbs,
          mainiacjoe_overflow_chevrons, serial_co_window_serial,
          co_window_of_opportunity_a, co_window_paths_a, co_window_paths_a,
          co_window_cross_1, co_window_of_opportunity_a, co_window_corner_cb,
          co_window_of_opportunity_c, co_window_broadway_c, co_window_2corner,
          co_window_2corner, co_window_2corner, co_window_paths_e,
          glass_columns_b, glass_columns_c, glass_columns_b, glass_columns_b,
          glass_columns_a, minmay_misc_feat_room, st_stairs_9
D:5:      cheibrodos_fertilizer, layout_loops_ring,
          minmay_overflow_temple_star_quad, mainiacjoe_overflow_small_starburst,
          minmay_temple_entry_enclosed_plants, ebering_dispersal_statue_hall
D:6:      layout_layer_cave
D:7:      layout_basic, serial_corexii_hall, chequers_hall_statues_wall_a,
          chequers_hall_statues_wall_a
D:8:      layout_loops_ring, general_overflow_altar, old_standard_altar,
          grunt_lair_entry_orc_guard_hut, minmay_fountain_box,
          kennysheep_flooded_box, dreamdust_princess_corridor
D:9:      layout_roguey, orc_0_dummy, serial_shops,
          nicolae_shop_window_shopping, gammafunk_ghost_arena
D:10:     minmay_the_grid_triangle_9x9_rhombus_thin
          [minmay_the_grid_triangle_9x9_shrine,
          minmay_the_grid_triangle_9x9_prize_special,
          minmay_the_grid_triangle_9x9_zippers_horizontal,
          minmay_the_grid_triangle_9x9_sprig], layout_small_grid,
          fedhas_ov_isle_minmay, enter_bailey_2
D:11:     layout_cave_pods, nicolae_shop_national_dungeon_mall,
          small_statue_alley_a, nicolae_titane

Skill      XL: |  1  2  3  4  5  6  7  8  9 10 11 |
---------------+----------------------------------+-----
Axes           | 4 5 6 8 10 12 | 12.0
Fighting       | 4 5 6 8 9 10 | 10.4
Armour         | 3 4 6 8 9 10 | 10.5
Dodging        | 3 4 6 7 8 10 | 10.4
Evocations     | 5 6 8 |  8.0
Throwing       | 2 4 |  4.0

Action                     |  1- 3 |  4- 6 |  7- 9 | 10-12 || total
---------------------------+-------+-------+-------+-------++-------
  Melee: Hand axe          |    93 |   113 |   330 |    44 ||   580
         Headbutt          |    11 |    15 |    60 |    82 ||   168
         Punch             |       |       |     5 |     7 ||    12
         War axe           |       |       |       |   319 ||   319
  Throw: Dart              |       |       |    15 |    28 ||    43
         Boomerang         |       |       |     1 |       ||     1
 Invoke: Trog's Hand       |       |     1 |    15 |    23 ||    39
         Berserk           |       |       |     3 |     5 ||     8
  Evoke: Wand              |       |       |     1 |       ||     1
    Use: Scroll            |       |     4 |     2 |     2 ||     8
         Potion            |       |       |     2 |     3 ||     5
   Stab: Sleeping          |     1 |       |       |       ||     1
 Armour: Animal skin       |    12 |       |       |       ||    12
         Chain mail        |    35 |    57 |   162 |    25 ||   279
         Plate armour      |       |       |       |   108 ||   108
  Dodge: Dodged            |    57 |    36 |   171 |   256 ||   520
